 Dungeon Crawl Stone Soup version 0.31-a0-258-gd316b798dc (webtiles) character file.

Game seed: 10413434685537686088

142 qw the Shooter (level 5, -2/45 HPs)
             Began as a Minotaur Hexslinger on July 13, 2023.
             Slain by a lemure (8 damage)
             ... led by Pikel
             ... on level 4 of the Dungeon.
             The game lasted 00:01:02 (2590 turns).

qw the Shooter (Minotaur Hexslinger)                Turns: 2590, Time: 00:01:02

Health: -2/45      AC:  7    Str: 12    XL:     5   Next: 4%
Magic:  5/5        EV: 12    Int: 10    God:
Gold:   167        SH:  0    Dex: 15    Spells: 5/6 levels left

rFire   . . .        Y - +2 sling
rCold   . . .        (no shield)
rNeg    . . .        l - +3 leather armour
rPois   .            (helmet restricted)
rElec   .            (no cloak)
rCorr   .            a - +0 pair of gloves
SInv    .            (no boots)
Will    .....        (no amulet)
Stlth   +            (no ring)
HPRegen 0.27/turn    (no ring)
MPRegen 0.09/turn

%: no passive effects
@: about to teleport
A: horns 2, retaliatory headbutt
a: no special abilities


You were on level 4 of the Dungeon.
You visited 1 branch of the dungeon, and saw 4 of its levels.

You collected 167 gold pieces.


Innate Abilities, Weirdness & Mutations

You have a pair of horns on your head.
You reflexively headbutt those who attack you in melee.


   Skills:
 - Level 3.0 Fighting
 + Level 5.1 Ranged Weapons
 - Level 2.1 Dodging
 - Level 1.0 Spellcasting
 - Level 2.0 Hexes


You had 5 spell levels left.
You knew the following spells:

 Your Spells              Type           Power      Damage    Failure   Level
a - Slow                  Hex            16%        N/A       19%         1

Your spell library contained the following spells:

 Spells                   Type           Power      Damage    Failure   Level
 Inner Flame              Hex/Fire       2%         N/A       65%         3
 Portal Projectile        Hex/Tloc       4%         N/A       65%         3
 Cause Fear               Hex            2%         N/A       88%         4

Inventory:

Hand Weapons
 Y - a +2 sling (weapon)
Armour
 a - a +0 pair of gloves (worn)
 l - a +3 leather armour (worn)
Wands
 e - a wand of digging (2)
Scrolls
 c - a scroll of identify
 i - a scroll of teleportation
Potions
 b - a potion of cancellation
 d - a potion of brilliance {unknown}
 f - 3 potions of curing
 g - a potion of enlightenment {unknown}
 h - a potion of mutation {unknown}
 k - a potion of might

Dungeon Overview and Level Annotations

Branches:
Dungeon (4/15)
 Temple: D:4-7

Altars:

Annotations:
D:4 Pikel


Message History

The lemure hits you but does no damage.
A lemure comes into view.
You shoot a sling bullet. The sling bullet hits the lemure.
The lemure is severely wounded.
The lemure hits you. The lemure hits you but does no damage.
You shoot a sling bullet. The sling bullet hits the lemure.
The lemure is almost dead.
The lemure closely misses you. The lemure barely misses you.
You furiously retaliate!
You headbutt the lemure. The lemure hits you. The lemure barely misses you.
You furiously retaliate!
You headbutt the lemure. The lemure hits you.
You shoot a sling bullet.
The sling bullet barely misses the lemure.
The lemure misses you. You furiously retaliate!
You headbutt the lemure!
You kill the lemure!
That felt strangely unrewarding.
The lemure hits you. x2
An orc comes into view. It is wielding a +0 club.
You shoot a sling bullet.
The sling bullet closely misses the lemure.
The orc shouts!
You hear a shout!
The lemure hits you. x2; Pikel misses you.
You furiously retaliate!
You headbutt Pikel. You shoot a sling bullet.
The sling bullet hits the lemure but does no damage.
The lemure is moderately wounded.
The lemure barely misses you.
Pikel hits you with a +2 whip of flaming.
Pikel burns you.
You shoot a sling bullet. The sling bullet hits the lemure.
The lemure is moderately wounded.
The lemure misses you. The lemure hits you but does no damage.
The lemure hits you.
Pikel hits you with a +2 whip of flaming.
Pikel burns you.
2590 ||| READING 2 scrolls of teleportation.
As you read the scroll of teleportation, it crumbles to dust.
You feel strangely unstable. The lemure hits you but does no damage.
The lemure hits you!
You die...

¤~~~¤~## ¤¤~~¤~¤##
######+## ~~~~¤¤~¤##
#.......## ¤~~~~~~¤¤##
#......... ~~~¤~~~¤~¤##
#........# ~¤~~~~~~~~~#
#.....o...
~¤~~~~¤~~~~####..5....#
#¤.#¤~¤~¤~~#....@K....#
¤##........'.##.55....#
.##...¤....'.#####..###
#..#~~~~~~~### .##
¤~¤~~~~~~~~# #
~~~¤~~~~~~~#
¤¤¤¤¤¤~~~~##
¤¤¤~¤~~~~## ~¤¤¤¤~~~##


You could see Pikel, 3 lemures and an orc.

Vanquished Creatures
  A lemure (D:4)
  An orc wizard (D:3)
  3 adders
  2 dart slugs
  10 orcs (D:3)
  4 ball pythons
  4 bats
  8 endoplasms
  2 giant cockroaches
  5 goblins
  6 hobgoblins
  4 jackals (D:1)
  4 quokkas
  3 frilled lizards
  8 kobolds
  6 rats
71 creatures vanquished.

Notes
Turn   | Place    | Note
-------+----------+-------------------------------------------
     0 | D:1      | qw the Minotaur Hexslinger began the quest for the Orb.
     0 | D:1      | Reached XP level 1. HP: 16/16 MP: 1/1
     0 | D:1      | 0 ||| qw: Version: 0.3-a-52-g30416fa
     0 | D:1      | 0 ||| qw: Game counter: 6821
     0 | D:1      | 0 ||| qw: Melee chars always use a shield: true
     0 | D:1      | 0 ||| qw: God list: Okawaru
     0 | D:1      | 0 ||| qw: Allow faded altars: false
     0 | D:1      | 0 ||| qw: Do Orc after clearing Dungeon:15 true
     0 | D:1      | 0 ||| qw: Do second Lair branch before Depths: true
     0 | D:1      | 0 ||| qw: Lair rune preference: random
     0 | D:1      | 0 ||| qw: Goals: Normal
     0 | D:1      | 0 ||| PLANNING D:1-11
   189 | D:1      | Reached skill level 3 in Ranged Weapons
   189 | D:1      | Reached XP level 2. HP: 23/23 MP: 2/2
   826 | D:1      | 826 ||| UPGRADING to +3 leather armour.
   836 | D:1      | 836 ||| DROPPING +0 robe.
   837 | D:1      | 837 ||| READING scroll labelled OHIUQO KADDUADI.
   838 | D:1      | 838 ||| READING scroll labelled YDAIBBUHYSY.
   843 | D:1      | 843 ||| READING scroll labelled MIUNESI ADE.
   944 | D:1      | 944 ||| READING scroll labelled YCIES EGRINABB.
   945 | D:1      | 945 ||| READING scroll labelled GECIPL EJ UMEO.
   946 | D:1      | 946 ||| READING scroll labelled FICHUSOICW.
   947 | D:1      | 947 ||| READING scroll labelled TATUNKISHRO.
   948 | D:1      | 948 ||| DROPPING scroll of poison.
  1035 | D:2      | Reached XP level 3. HP: 29/29 MP: 3/3
  1155 | D:2      | Reached skill level 4 in Ranged Weapons
  1602 | D:2      | 1602 ||| UPGRADING to +0 pair of gloves.
  1607 | D:2      | 1607 ||| READING scroll labelled UZYCADUODU.
  1608 | D:2      | 1608 ||| READING scroll labelled GELAET FEGOGGA.
  1609 | D:2      | 1609 ||| DRINKING 3 black potions.
  1640 | D:3      | Reached XP level 4. HP: 32/36 MP: 4/4
  1640 | D:3      | 1640 ||| STAIRDANCE
  1917 | D:3      | Found a faded altar of an unknown god.
  2016 | D:3      | Reached skill level 5 in Ranged Weapons
  2047 | D:3      | Reached skill level 3 in Fighting
  2154 | D:3      | Reached XP level 5. HP: 40/45 MP: 5/5
  2458 | D:3      | 2458 ||| READING scroll labelled WEXZO GEROEGY.
  2459 | D:3      | 2459 ||| DRINKING 2 red potions.
  2460 | D:3      | 2460 ||| READING 2 scrolls of identify.
  2460 | D:3      | 2460 ||| IDENTIFYING metallic pink potion
  2524 | D:4      | 2524 ||| PLANNING SEWER
  2573 | D:4      | Noticed a lemure
  2578 | D:4      | Noticed a lemure
  2579 | D:4      | Noticed a lemure
  2581 | D:4      | Noticed Pikel
  2583 | D:4      | Noticed a lemure
  2586 | D:4      | Killed a lemure
  2589 | D:4      | HP: 8/45 [Pikel/+2 whip of flaming (4)]
  2590 | D:4      | 2590 ||| READING 2 scrolls of teleportation.
  2590 | D:4      | Slain by a lemure

Levels and vault maps discovered:
D:1:      matt_arrival_refuge, layout_basic, nicolae_kite_square_tiling_tiny
D:2:      layout_basic
D:3:      wad_river_or_something, layout_loops_ring,
          dreamdust_ecumenical_altar_sealed_demon
D:4:      kennysheep_big_flooded_room, layout_basic, portal_sewer_entry_e,
          uniq_menkaure, uniq_blork_the_orc, uniq_pikel

Skill      XL: |  1  2  3  4 |
---------------+-------------+-----
Ranged Weapons | 3 4 5 |  5.1
Fighting       | 2 3 |  3.0
Dodging        | |  2.1
Spellcasting   | |  1.0
Hexes          | |  2.0

Action                     |  1- 3 |  4- 6 || total
---------------------------+-------+-------++-------
   Fire: Sling             |    99 |   102 ||   201
    Use: Scroll            |     9 |     3 ||    12
         Potion            |     1 |     1 ||     2
 Armour: Robe              |     1 |       ||     1
         Leather armour    |     2 |    19 ||    21
  Dodge: Dodged            |    28 |    32 ||    60

Table legend:
 A = Non-vault XP
 B = Vault XP
 C = Vault XP percentage of total XP
 D = Non-vault monster count
 E = Vault monster count
 F = Vault count percentage of total count
                 A         B        C        D         E       F
            +---------+---------+-------+---------+---------+-------
      Total |     183 |      21 |  10.3 |      59 |      11 |  15.7
            +---------+---------+-------+---------+---------+-------
        D:1 |      33 |       0 |   0.0 |      19 |       0 |   0.0
        D:2 |      53 |       0 |   0.0 |      16 |       0 |   0.0
        D:3 |      95 |      18 |  15.9 |      23 |       9 |  28.1
        D:4 |       2 |       3 |  60.0 |       1 |       2 |  66.7
            +---------+---------+-------+---------+---------+-------
